Match 46990048
Unlisted

Match 46990048
End
Selects Australian Defense Battlegroup
Selects Australian Light Infantry Section
Australian Light Infantry Section
Australian Light Infantry Section
Australian Light Infantry Section
Construct Section Command Post
Construct Platoon Command Post
Humber Armored Car
Humber Armored Car
Humber Armored Car
Light Vehicle Training
Humber Armored Car
Humber Armored Car
Royal Engineer Section
Selects CMP 15cwt Supply Run
Selects Artillery Trip Wire Flares
Selects Archer Tank Destroyer
Archer Tank Destroyer
Archer Tank Destroyer
Australian Light Infantry Section
ConcernedApe
badiba
Cpt. Colter Stevens
Kingcastle
0
0

Comments sign in to comment!

No comments posted yet!